 Dungeon Crawl Stone Soup version 0.16-a0-148-g3b84123 (webtiles) character file.

487 Ololoev the Gusty (level 7, -1/36 HPs)
             Began as a Tengu Air Elementalist on Aug 15, 2014.
             Was a Follower of Sif Muna.
             Killed from afar by BluebellGnoll's ghost (25 damage)
             ... with a spray of energy
             ... on Level 5 of the Dungeon.
             The game lasted 00:27:40 (4758 turns).

Ololoev the Gusty (Tengu Air Elementalist)          Turns: 4758, Time: 00:27:40

HP  -1/36        AC  4     Str  9      XL: 7   Next: 13%
MP  28/29        EV 11     Int 17      God: Sif Muna [*.....]
Gold 83          SH  0     Dex 14      Spells:  3 memorised, 11 levels left

rFire  . . .     SeeInvis .     y - +2 dagger (speed)
rCold  . . .     Clarity  .     g - +0 leather armour
rNeg   . . .     rCorr    +     (no shield)
rPois  .         rRot     .     (helmet restricted)
rElec  .         Spirit   .     (no cloak)
SustAb .         Warding  .     w - +0 pair of gloves (curse)
rMut   .         Stasis   .     (boots unavailable)
Gourm  .                        q - amulet of resist corrosion
MR     .....                    (no ring)
                                p - ring of magical power

@: lethally poisoned, swift, quick, not resistant to hostile enchantments,
unstealthy
A: able to fly, beak, talons 3
a: Fly, Channel Energy, Renounce Religion


You were on level 5 of the Dungeon.
You worshipped Sif Muna.
Sif Muna was aware of your devotion.
You were hungry.

You visited 1 branch of the dungeon, and saw 5 of its levels.

You collected 225 gold pieces.
You spent 142 gold pieces at shops.

Inventory:

Hand weapons
 y - a +2 dagger of speed (weapon)
Armour
 g - a +0 leather armour (worn)
 w - a cursed +0 pair of gloves (worn)
Magical devices
 u - a wand of draining (3)
Comestibles
 a - 2 beef jerkies
 c - 7 bread rations
 s - a royal jelly
 v - 2 meat rations
Scrolls
 d - 2 scrolls of noise {unknown}
 e - 5 scrolls of remove curse
 i - 2 scrolls of magic mapping {unknown}
 l - 3 scrolls of identify {unknown}
 m - a scroll of recharging {unknown}
 o - a scroll of blinking {unknown}
 x - 2 scrolls of teleportation {unknown}
Jewellery
 p - a ring of magical power (left hand)
 q - an amulet of resist corrosion (around neck)
Potions
 f - 3 potions of brilliance
 h - 2 potions of mutation {unknown}
 j - 2 potions of confusion {unknown}
 k - 3 potions of heal wounds
 n - a potion of curing
 r - 2 potions of haste {unknown}
 t - 3 potions of might
 z - a potion of flight
Books
 b - a book of Air

   Spells                             Type                      Level
   *Shock                             Conjuration/Air              1
   *Swiftness                         Charms/Air                   2
   *Repel Missiles                    Charms/Air                   2
   Flight                             Charms/Air                   3
   Static Discharge                   Conjuration/Air              3
   Lightning Bolt                     Conjuration/Air              5


   Skills:
 - Level 2.1 Dodging
 - Level 2.0 Stealth
 * Level 5.1 Spellcasting
 + Level 5.0 Conjurations
 + Level 5.8 Air Magic


You had 11 spell levels left.
You knew the following spells:

 Your Spells              Type           Power        Failure   Level  Hunger
a - Shock                 Conj/Air       ###.         1%          1    None
b - Repel Missiles        Chrm/Air       ##....       10%         2    #......
c - Swiftness             Chrm/Air       ##......     10%         2    #......


Dungeon Overview and Level Annotations

Branches:
Dungeon (5/15)
 Temple: D:4-7

Altars:
Sif Muna

Shops:
D:4 !

Annotations:
D:5 BluebellGnoll's ghost, average SpEn


Innate Abilities, Weirdness & Mutations

You can fly.
You have a beak for a mouth.
You have claws for feet.


Message History

You are confused.
BluebellGnoll's ghost completely misses you.
Drink which item? (? for menu, Esc to quit)
You feel better. BluebellGnoll's ghost hits you.
You are poisoned.
Casting: Shock
Confirm with . or Enter, or press ? or * to list all spells.
You feel quick.
You feel sick.
BluebellGnoll's ghost casts a spell at you.
The spray of energy misses you.
You feel sick.
BluebellGnoll's ghost gestures at you while chanting.
The spray of energy misses you.
You feel sick.
You feel sick.
You feel sick.
BluebellGnoll's ghost gestures at you while chanting.
The spray of energy hits you!
Ouch! That really hurt!
You die...

####....).............
#..................
#.................. ##...
#............#.#### #......#
#.........####.# #.#......#
#.........W.##.# #.#......#
##.#...........#
###........#
..#....#......###..........#
..#########.@.#............#
..............#.####.......#
....#####....##......%.....#
#......#......#.#...##
#......#........#.#...
#......#.###....#.#...
#......#.# #....#.#...
#......#.# #....#.#...
#......#.# #....#.#...


You could see BluebellGnoll's ghost.

Vanquished Creatures
  A phantom (D:4)
  A crimson imp (D:5)
  3 orc priests (D:4)
  A hound (D:4)
  An ogre zombie (D:4)
  Ijyb (D:3)
  A hound skeleton (D:4)
  3 adders
  3 gnolls (D:3)
  A giant mite (D:2)
  A worm (D:3)
  An orc skeleton (D:3)
  6 giant geckos
  2 oozes (D:4)
  14 orcs
  10 bats
  4 giant cockroaches
  11 hobgoblins
  7 jackals
  11 kobolds
  2 quokkas
  2 ball pythons
  6 giant newts
  A giant newt skeleton (D:5)
  5 goblins
  A goblin zombie (D:5)
  A hobgoblin skeleton (D:4)
  15 rats
  A rat skeleton (D:4)
117 creatures vanquished.

Notes
Turn   | Place    | Note
--------------------------------------------------------------
     0 | D:1      | Ololoev, the Tengu Air Elementalist, began the quest for the Orb.
     0 | D:1      | Reached XP level 1. HP: 10/10 MP: 3/3
   438 | D:1      | Reached XP level 2. HP: 15/15 MP: 1/5
   634 | D:1      | Learned a level 2 spell: Repel Missiles
   637 | D:1      | Learned a level 2 spell: Swiftness
  1110 | D:1      | Reached XP level 3. HP: 19/19 MP: 7/7
  1777 | D:2      | Found a deep blue altar of Sif Muna.
  1783 | D:2      | Became a worshipper of Sif Muna the Loreminder
  2521 | D:3      | Reached XP level 4. HP: 24/24 MP: 10/10
  2860 | D:3      | Acquired Sif Muna's first power
  2860 | D:3      | Reached XP level 5. HP: 28/28 MP: 13/13
  3155 | D:3      | Noticed Ijyb
  3189 | D:3      | Killed Ijyb
  3634 | D:4      | Reached skill level 5 in Air Magic
  3900 | D:4      | Reached XP level 6. HP: 32/32 MP: 17/17
  3946 | D:4      | Found Crudup's Distillery.
  3955 | D:4      | Bought a potion of heal wounds for 33 gold pieces
  3955 | D:4      | Bought a potion of brilliance for 27 gold pieces
  3955 | D:4      | Bought a potion of lignification for 22 gold pieces
  3955 | D:4      | Bought a potion of might for 27 gold pieces
  3955 | D:4      | Bought a potion of flight for 33 gold pieces
  4224 | D:4      | Noticed a phantom
  4255 | D:4      | Killed a phantom
  4475 | D:5      | Entered Level 5 of the Dungeon
  4605 | D:5      | Reached skill level 5 in Spellcasting
  4605 | D:5      | Reached skill level 5 in Conjurations
  4605 | D:5      | Reached XP level 7. HP: 36/36 MP: 20/20
  4732 | D:5      | Noticed BluebellGnoll's ghost (average SpEn)
  4758 | D:5      | Killed from afar by BluebellGnoll's ghost

Action                   |  1- 3 |  4- 6 |  7- 9 || total
-------------------------+-------+-------+-------++-------
Melee: Unarmed           |    29 |       |       ||    29
       Dagger            |    32 |    50 |     9 ||    91
 Cast: Shock             |    60 |   125 |    11 ||   196
       Repel Missiles    |     1 |       |       ||     1
       Swiftness         |       |     1 |     1 ||     2
Evoke: Wand              |       |     7 |       ||     7
  Use: Scroll            |     2 |       |       ||     2
       Potion            |       |     1 |     1 ||     2
 Stab: Sleeping          |     1 |     1 |       ||     2
  Eat: Chunk             |     6 |     6 |       ||    12
